 Seeded DCSS version 0.28-a0-1567-g1695149f81 (webtiles) character file.

Game seed: 1523 (custom seed)

23 knot the Chopper (level 2, -7/36 HPs)
             Began as a Demonspawn Berserker on Jan 20, 2022.
             Was a Follower of Trog.
             Mangled by Sigmund (10 damage)
             ... on level 2 of the Dungeon.
             The game lasted 00:00:35 (1677 turns).

knot the Chopper (Demonspawn Berserker)             Turns: 1677, Time: 00:00:36

Health: -7/36      AC:  2    Str: 17    XL:     2   Next: 75%
Magic:  2/2        EV: 12    Int:  8    God:    Trog [*.....]
Gold:   26         SH:  0    Dex: 14    Spells: 1/1 levels left

rFire   . . .      SeeInvis .   a - +0 hand axe
rCold   . . .      Faith    .   (no shield)
rNeg    . . .      Spirit   .   b - +0 animal skin
rPois   .          Reflect  .   (no helmet)
rElec   .          Harm     .   (no cloak)
rCorr   .          Rampage  .   (no gloves)
Will    .....                   (no boots)
Stlth   ..........              (no amulet)
HPRegen 0.12/turn               (no ring)
MPRegen 0.08/turn               (no ring)

@: berserking, very quick
A: thin skeletal structure 1
a: Renounce Religion, Berserk


You were on level 2 of the Dungeon.
You worshipped Trog.
Trog was aware of your devotion.
You visited 1 branch of the dungeon, and saw 2 of its levels.

You collected 26 gold pieces.

Inventory:

Hand Weapons
 a - a +0 hand axe (weapon)
Missiles
 c - 62 stones (quivered)
 d - 2 poisoned darts
 e - 11 sling bullets
Armour
 b - a +0 animal skin (worn)
Scrolls
 g - 3 scrolls of identify {unknown}
 h - a scroll of teleportation {unknown}
 i - a scroll of silence {unknown}
 k - a scroll of enchant weapon {unknown}
Potions
 f - a potion of lignification {unknown}
 j - a potion of magic {unknown}


   Skills:
 - Level 3.0 Fighting
 + Level 3.7 Axes
 - Level 1.7 Armour
 - Level 1.7 Dodging


You had one spell level left.
You didn't know any spells.
Your spell library was empty.

Dungeon Overview and Level Annotations

Branches:
Dungeon (2/15)

Altars:

Annotations:
D:2 Sigmund


Innate Abilities, Weirdness & Mutations

You have a somewhat thin skeletal structure. (Dex +2, Stealth+)


Message History

The rat is moderately wounded.
The rat barely misses you.
You barely miss the rat.
The rat is moderately wounded.
The rat bites you but does no damage.
You barely miss the rat.
The rat is moderately wounded.
An adder comes into view.
Sigmund gestures at you while chanting. The magic dart hits you!
The rat bites you.
The adder moves out of view.
Unknown command.
A red film seems to cover your vision as you go berserk!
You feel yourself moving faster!
You feel mighty!
Sigmund points at you and mumbles some strange words.
The puff of flame hits you! The rat bites you.
* * * LOW HITPOINT WARNING * * *
You slash the rat!
You feel the power of Trog in you as your rage grows.
You kill the rat!
Trog accepts your kill.
You slash the rat!
You kill the rat!
Trog accepts your kill. Sigmund barely misses you.
You see here a rat corpse.
You slash Sigmund!
Sigmund is moderately wounded.
Sigmund hits you with a +0 scythe!
* * * LOW HITPOINT WARNING * * *
You closely miss Sigmund.
Sigmund is moderately wounded.
You slash Sigmund!
Sigmund is heavily wounded.
Sigmund hits you but does no damage.
You closely miss Sigmund.
Sigmund is heavily wounded.
You slash Sigmund!
Sigmund is almost dead.
Sigmund hits you with a +0 scythe!
You die...

... .....# .....# #.##.#
##.##.# ##
######..##.########.
.......@........... ##
######.@..........#####.
......†......####....##.
.>##...####......###....
....(.. #.?.##.# ####.
.#.##.# ###.##..#####. #
.. #...#>...... ##.
..#.######## #. #.(...
#......


You could see Sigmund.

Vanquished Creatures
  An endoplasm (D:2)
  A giant cockroach (D:1)
  6 goblins (D:1)
  2 hobgoblins (D:1)
  2 ball pythons (D:1)
  2 bats (D:1)
  4 frilled lizards
  2 kobolds
  3 rats
23 creatures vanquished.

Notes
Turn   | Place    | Note
-------+----------+-------------------------------------------
     0 | D:1      | knot the Demonspawn Berserker began the quest for the Orb.
     0 | D:1      | Reached XP level 1. HP: 18/18 MP: 1/1
   784 | D:1      | Gained mutation: You have a somewhat thin skeletal
                  | structure. (Dex +2, Stealth+) [demonic ancestry]
   784 | D:1      | Reached XP level 2. HP: 24/24 MP: 2/2
  1662 | D:2      | Noticed Sigmund
  1677 | D:2      | Mangled by Sigmund

Illustrated notes

Levels and vault maps discovered:
D:1:      dpeg_arrival_circle_labyrinth_c, layout_loops_corners,
          grunt_decor_arrowhead, minmay_bisected
D:2:      layout_rooms, ebering_ecumenical_altar_abandoned, minmay_lizard_pond,
          uniq_robin, uniq_sigmund

Skill      XL: |  1 |
---------------+----+-----
Axes           | 3 |  3.7
Fighting       | |  3.0
Armour         | |  1.7
Dodging        | |  1.7

Action                   || total
-------------------------++-------
Melee: Hand axe          ||    56
Invok: Berserk           ||     2
 Stab: Sleeping          ||     2
Armor: Animal skin       ||    10
Dodge: Dodged            ||    32

Table legend: (Time is in decaauts)
 A = Elapsed time spent in this place.
 B = Non-inter-level travel time spent in this place.
 C = Inter-level travel time spent in this place.
 D = Time resting spent in this place.
 E = Time spent auto-exploring this place.
 F = Levels seen in this place.
 G = Mean time per level.
                   A        B        C        D        E       F      G
               +--------+--------+--------+--------+--------+-----+--------+
         Total |   1691 |   1633 |     58 |    231 |   1266 |   2 |  845.5 |
       Dungeon |   1691 |   1633 |     58 |    231 |   1266 |   2 |  845.5 |
               +--------+--------+--------+--------+--------+-----+--------+

Top non-repeatable levels by time:
     D:1: 1394 daAuts
     D:2: 297 daAuts
